 Dungeon Crawl Stone Soup version 0.29-a0-2-g12fcac58f8 (webtiles) character file.

Game seed: 15358553023975731469

141435 browni3141 the Bludgeoner (level 17, -1/116 HPs)
             Began as a Gargoyle Fighter on Jan 27, 2022.
             Was a High Priest of Cheibriados.
             Slain by an emperor scorpion (30 damage)
             ... on level 1 of the Spider Nest.
             The game lasted 01:15:07 (35322 turns).

browni3141 the Bludgeoner (Gargoyle Fighter)       Turns: 35322, Time: 01:15:08

Health: -1/116     AC: 53    Str: 39    XL:     17   Next: 33%
Magic:  18/18      EV:  8    Int: 25    God:    Cheibriados [*****.]
Gold:   1559       SH:  0    Dex: 20    Spells: 16/16 levels left

rFire   . . .      SeeInvis .   G - +8 whip "Snakebite" {venom, curare, rPois}
rCold   + . .      Faith    .   (no shield)
rNeg    + . .      Spirit   .   S - +8 orange crystal plate armour {Archmagi, Int+3 Clar}
rPois   ∞          Reflect  .   e - +2 helmet
rElec   +          Harm     .   t - +0 cloak
rCorr   .          Rampage  .   w - +0 pair of gloves of Foleikk {Str+2 Stlth+}
Will    +....      Archmagi +   M - +0 pair of boots
Stlth   .......... Clarity  +   v - amulet of regeneration
HPRegen 1.09/turn               s - ring of protection from cold
MPRegen 0.16/turn               d - +4 ring of slaying

@: about to teleport, flying, very slow
A: sickness immunity, AC +12, big wings, negative energy resistance 1,
electricity resistance, torment resistance 1, petrification resistance
a: Renounce Religion, Bend Time, Temporal Distortion, Slouch, Step From Time


You were on level 1 of the Spider Nest.
You worshipped Cheibriados.
Cheibriados was extremely pleased with you.
You visited 4 branches of the dungeon, and saw 24 of its levels.
You also visited: Sewer, Bailey and Gauntlet.

You collected 9655 gold pieces.
You spent 2104 gold pieces at shops.
You paid 5992 gold pieces to Gozag.

Inventory:

Hand Weapons
 a - a +4 great mace of holy wrath
 b - a +0 hand crossbow
 G - the +8 whip "Snakebite" (weapon) {venom, curare, rPois}
   (You bought it in a shop on level 10 of the Dungeon)

   It poisons the flesh of those it strikes.
   It occasionally inflicts asphyxiating poison on those it strikes, dealing
   poison damage and causing slowness.
   rPois:     It protects you from poison.
 H - a +0 triple crossbow
Missiles
 x - 2 curare-tipped darts (quivered)
 y - 216 bolts
 E - a throwing net
Armour
 e - a +2 helmet (worn)
 t - a +0 cloak (worn)
 w - the +0 pair of gloves of Foleikk (worn) {Str+2 Stlth+}
   (You bought it in a shop on level 10 of the Dungeon)

   Str:       It affects your strength (+2).
   Stlth:     It makes you more stealthy.
 M - a +0 pair of boots (worn)
 S - the +8 orange crystal plate armour (worn) {Archmagi, Int+3 Clar}
   (You found it on level 2 of the Lair of Beasts)

   Int:       It affects your intelligence (+3).
   Clar:      It protects you against confusion.
Jewellery
 d - a +4 ring of slaying (right hand)
 r - a ring of ice
 s - a ring of protection from cold (left hand)
 v - an amulet of regeneration (around neck)
 Z - a ring of willpower
Wands
 c - a wand of paralysis (3)
 h - a wand of charming (13)
 A - a wand of acid (5)
 B - a wand of iceblast (15)
 J - a wand of polymorph (1)
 P - a wand of mindburst (8)
 R - a wand of digging (7)
Scrolls
 g - 10 scrolls of teleportation
 j - 2 scrolls of summoning
 l - 4 scrolls of blinking
 m - 2 scrolls of holy word
 n - 5 scrolls of enchant armour
 o - 7 scrolls of noise
 q - 7 scrolls of fog
 C - 3 scrolls of vulnerability
 D - 6 scrolls of enchant weapon
 O - 2 scrolls of fear
 T - 3 scrolls of magic mapping
 U - 3 scrolls of silence
 Y - a scroll of brand weapon
Potions
 f - 5 potions of cancellation
 i - 7 potions of curing
 k - 6 potions of degeneration
 p - 3 potions of lignification
 u - 2 potions of might
 z - a potion of heal wounds
 F - 5 potions of resistance
 I - 7 potions of haste
 K - 3 potions of flight {unknown}
 L - 2 potions of invisibility {unknown}
 Q - 3 potions of attraction
 V - 4 potions of mutation
 W - a potion of magic
 X - 7 potions of brilliance
Miscellaneous
 N - a phantom mirror (inert)


   Skills:
 + Level 16.5 Fighting
 - Level 20.0 Maces & Flails
 * Level 10.4 Crossbows
 - Level 2.0 Throwing
 * Level 16.0 Armour
 - Level 3.0 Stealth
 - Level 5.0 Shields
 * Level 1.6 Invocations


You had 16 spell levels left.
You didn't know any spells.
Your spell library contained the following spells:

 Spells                   Type           Power      Damage    Failure   Level
 Apportation              Tloc           0%         N/A       73%         1
 Sandblast                Erth           0%         2d4       73%         1
 Shock                    Conj/Air       0%         1d3       73%         1
 Corpse Rot               Necr/Air       0%         N/A       86%         2
 Ensorcelled Hibernation  Hex/Ice        0%         N/A       86%         2
 Passwall                 Tmut/Erth      0%         N/A       86%         2
 Confusing Touch          Hex            0%         N/A       97%         3
 Spider Form              Tmut/Pois      0%         N/A       97%         3
 Stone Arrow              Conj/Erth      0%         3d7       97%         3
 Swiftness                Air            0%         N/A       97%         3
 Anguish                  Hex/Necr       0%         N/A       100%        4
 Dispel Undead            Necr           0%         3d6       100%        4
 Hailstorm                Conj/Ice       0%         3d3       100%        4
 Ice Form                 Ice/Tmut       0%         N/A       100%        4
 Passage of Golubria      Tloc           0%         N/A       100%        4
 Petrify                  Tmut/Erth      0%         N/A       100%        4
 Alistair's Intoxication  Tmut/Pois      0%         N/A       100%        5
 Metabolic Englaciation   Hex/Ice        0%         N/A       100%        5
 Silence                  Hex/Air        0%         N/A       100%        5
 Summon Forest            Summ/Tloc      0%         N/A       100%        5
 Summon Mana Viper        Hex/Summ       0%         N/A       100%        5
 Yara's Violent Unravell  Hex/Tmut       0%         3d3       100%        5
 Conjure Ball Lightning   Conj/Air       0%         3x3d6     100%        6
 Death Channel            Necr           0%         N/A       100%        6
 Simulacrum               Ice/Necr       0%         N/A       100%        6
 Summon Cactus Giant      Summ           0%         N/A       100%        6
 Enfeeble                 Hex            0%         N/A       100%        7
 Lehudib's Crystal Spear  Conj/Erth      0%         10d2      100%        8
 Chain Lightning          Conj/Air       0%         N/A       100%        9
 Fire Storm               Conj/Fire      0%         5d1       100%        9
 Shatter                  Erth           0%         3d5*      100%        9
 Statue Form              Tmut/Erth      Unusable   N/A       N/A         6

Dungeon Overview and Level Annotations

Branches:
Dungeon (15/15)            Temple (0/1) D:6            Lair (6/6) D:11
 Shoals (0/4) Lair:4       Spider (1/4) Lair:3        Slime (0/5) Lair:5
    Orc (2/2) D:10            Elf (0/3) Orc:2        Vaults (0/5) D:13
 Depths (0/4) D:15          Sewer (visited)          Bailey (visited)
Gauntlet (visited)

Altars:
Cheibriados
Dithmenos
Elyvilon
Fedhas
Gozag
Makhleb
Okawaru
Sif Muna
Trog
Uskayaw
Vehumet
Xom
Yredelemnul
Zin
Beogh

Shops:
D:5 ?   D:8 :   D:10 (((([(   D:12 [!   Orc:1 ([   Orc:2 :(*?

Portals:
Pandemonium: Orc:2

Annotations:
D:3 exclusion: 2 downstairs


Innate Abilities, Weirdness & Mutations

You are immune to sickness and miasma.
Your stone body is resilient. (AC +12)
You are immune to poison.
Your large and strong wings let you fly.
You resist negative energy. (rN+)
You are resistant to electric shocks. (rElec)
You are resistant to unholy torment.
You are immune to petrification.


Message History

Press: ? - help, Shift-Dir - straight line, f/p - wolf spider
Aim: a wolf spider (berserk, incited by Gozag, chance to affect: 49%)
The wolf spider suddenly stops moving!
Unknown command.
Aiming: Paralyse
Press: ? - help, Shift-Dir - straight line, f - emperor scorpion, p - wolf spider
Aim: an emperor scorpion (berserk, incited by Gozag, chance to affect: 17%)
Okay, then.
Unknown command.
As you read the scroll of teleportation, it crumbles to dust.
You feel strangely unstable.
The emperor scorpion stings you but does no damage.
The emperor scorpion barely misses you.
The emperor scorpion claws you but does no damage.
Unknown command.
Unknown command.
Unknown command.
You feel much better. The emperor scorpion stings you.
The emperor scorpion completely misses you.
The emperor scorpion claws you!
The emperor scorpion closely misses you.
The emperor scorpion claws you but does no damage.
The emperor scorpion claws you.
Unknown command.
Gozag petitions for your drink to fail. The emperor scorpion stings you!
* * * LOW HITPOINT WARNING * * *
The emperor scorpion closely misses you.
The emperor scorpion claws you.
* * * LOW HITPOINT WARNING * * *
The emperor scorpion stings you!!
* * * LOW HITPOINT WARNING * * *
The emperor scorpion claws you but does no damage. x2
Unknown command.
You feel much better.
The emperor scorpion stings you but does no damage.
The emperor scorpion barely misses you.
The emperor scorpion claws you but does no damage.
The emperor scorpion stings you!!
You die...

...##..##....####.#..............
##.##.........##...##............
...........###...#...............
....######.......#...##.....>....
....# ##.###..#.#..##..........
....# #.......#....##.........#
[.#.## #...#.#s.s#..#.#......#
.#...#####...#.s#s....# ###...
.#...##.#†..##.y@#....# ##
##.........#.##### ##
####......#.# #......### ##....##
######


You could see an emperor scorpion (berserk, incited), 2 wolf spiders, a
culicivora and a meliai.

Vanquished Creatures
  Saint Roka (Orc:2)
  Agnes (D:14)
  A sphinx (D:13)
  A tengu reaver (D:13)
  An emperor scorpion (shapeshifter) (Gauntlet)
  A stone giant (D:13)
  A minotaur (Gauntlet)
  An ettin (Orc:1)
  3 fire dragons
  Fannar (D:10)
  3 boulder beetles
  10 hydras
  A vault guard (D:13)
  4 catoblepae
  2 death knights
  Erica (D:8)
  10 centaur warriors
  The ghost of croobank the Arsonist, a journeyman DrFE of Hepliaklqana (D:11)
  6 two-headed ogres
  3 demonspawn (Orc:2)
  A deep troll earth mage (D:13)
  2 tengu warriors
  5 orc high priests (Orc:2)
  13 death yaks
  Urug (Orc:1)
  7 skeletal warriors
  A fire crab (D:15)
  2 sixfirhies (Gauntlet)
  A flayed ghost (D:13)
  5 lindwurms
  2 steelbarb worms (Spider:1)
  A swamp dragon (Lair:6)
  2 phantasmal warriors
  Pikel (D:4)
  A necromancer (D:15)
  5 orc knights (Orc:2)
  3 deep elf pyromancers
  A deep elf zephyrmancer (D:13)
  7 orc sorcerers
  A fire giant zombie (D:15)
  A stone giant zombie (D:15)
  2 ugly things
  5 cyclopes
  8 oklob plants
  A frost giant zombie (D:15)
  2 wolf spiders
  4 elephants (Lair:6)
  A salamander (shapeshifter) (D:9)
  4 manticores
  A guardian serpent (Lair:6)
  A moth of wrath (Spider:1)
  12 black mambas
  A rust devil (Orc:2)
  A water nymph (shapeshifter) (D:13)
  18 cane toads
  A torpor snail (Lair:4)
  A gargoyle (D:11)
  3 komodo dragons (shapeshifter)
  2 kobold demonologists
  A yaktaur (D:13)
  Maggie (D:6)
  5 rime drakes
  2 freezing wraiths
  3 efreet
  A hellwing (Orc:2)
  A tengu conjurer (D:13)
  6 komodo dragons
  A meliai (D:13)
  5 slime creatures (D:14)
  7 trolls
  9 polar bears
  2 merfolk (Lair:4)
  3 hornets
  7 tarantellas
  Grinder (D:6)
  21 blink frogs
  A centaur simulacrum (D:13)
  2 culicivoras (Lair:3)
  A ynoxinul (Orc:2)
  Sigmund (D:2)
  3 jumping spiders
  A shadow (D:14)
  A wraith (D:11)
  2 water elementals (D:13)
  16 wyverns
  2 basilisks
  2 vampires
  2 basilisks (shapeshifter)
  3 chaos spawn (Gauntlet)
  15 redbacks
  A fire elemental (Lair:5)
  Eustachio (D:5)
  2 neqoxecs
  48 yaks
  9 wargs
  4 fire bats (Lair:5)
  13 vampire mosquitoes
  7 steam dragons
  A human zombie (D:15)
  Edmund (D:4)
  2 acid dragons
  27 water moccasins
  2 black bears
  An ice beast (D:8)
  2 swamp drakes
  A necrophage (D:6)
  48 orc warriors
  2 sky beasts
  A hornet zombie (D:8)
  2 ogres (D:6)
  A boggart (D:13)
  22 wolves
  30 centaurs
  A phantom (D:5)
  8 kobold brigands
  8 bullfrogs
  2 wyvern zombies
  7 scorpions
  A water moccasin skeleton (D:4)
  12 killer bees (D:10)
  9 electric eels
  6 wights (D:9)
  3 howler monkeys (D:13)
  2 centaur zombies
  A hound (D:5)
  2 jellies
  25 orc priests
  Crazy Yiuf (D:6)
  2 gnoll shamans
  A bullfrog skeleton (D:7)
  A centaur skeleton (D:5)
  4 iguanas
  20 orc wizards
  A hell rat (Sewer)
  A scorpion zombie (D:5)
  Natasha (thrice) (D:3)
  A killer bee zombie (D:9)
  2 howler monkey zombies
  18 gnolls
  8 adders
  3 river rats (Sewer)
  A white imp (D:7)
  An adder skeleton (D:4)
  4 worms
  A dart slug (D:1)
  97 orcs
  4 endoplasms
  2 giant cockroaches
  23 goblins
  13 hobgoblins
  7 quokkas
  6 ball pythons
  7 bats
  6 frilled lizards
  23 kobolds
  15 rats
  A bush (Lair:2)
904 creatures vanquished.

Vanquished Creatures (collateral kills)
  A killer bee zombie (D:6)
1 creature vanquished.

Vanquished Creatures (others)
  A black mamba (Lair:6)
  An orc warrior (Bailey)
  A howler monkey (D:13)
  A hound (D:6)
  An orc priest (Orc:2)
  56 fungi
  154 plants
  3 withered plants (D:15)
218 creatures vanquished.

Grand Total: 1123 creatures vanquished

Notes
Turn   | Place    | Note
-------+----------+-------------------------------------------
     0 | D:1      | browni3141 the Gargoyle Fighter began the quest for the
                  | Orb.
     0 | D:1      | Reached XP level 1. HP: 14/14 MP: 1/1
    78 | D:1      | Reached skill level 1 in Stealth
   195 | D:1      | Reached XP level 2. HP: 15/19 MP: 2/2
   516 | D:1      | Reached XP level 3. HP: 23/23 MP: 3/3
   716 | D:2      | Reached skill level 3 in Maces & Flails
   961 | D:2      | Noticed Sigmund
   972 | D:2      | Killed Sigmund
   973 | D:2      | Reached skill level 5 in Maces & Flails
   973 | D:2      | Reached XP level 4. HP: 13/28 MP: 4/4
   973 | D:2      | Reached XP level 5. HP: 15/32 MP: 5/5
  1376 | D:2      | Reached XP level 6. HP: 21/37 MP: 6/6
  1523 | D:2      | Found a faded altar of an unknown god.
  2033 | D:3      | Reached skill level 6 in Maces & Flails
  2112 | D:3      | Noticed a sky beast
  2136 | D:3      | Killed a sky beast
  2231 | D:3      | Reached skill level 1 in Throwing
  2565 | D:3      | Noticed Natasha
  2581 | D:3      | Killed Natasha
  2582 | D:3      | Reached XP level 7. HP: 22/42 MP: 7/7
  2774 | D:3      | Noticed Natasha
  2781 | D:3      | Killed Natasha
  3066 | D:3      | Noticed Natasha
  3073 | D:3      | Killed Natasha
  3154 | D:4      | Noticed Pikel
  3174 | D:4      | Killed Pikel
  3175 | D:4      | Reached skill level 7 in Maces & Flails
  3175 | D:4      | Reached XP level 8. HP: 36/48 MP: 8/8
  3187 | D:3      | Reached skill level 8 in Maces & Flails
  3417 | D:4      | Found a burning altar of Makhleb.
  3449 | D:4      | Identified the +12 short sword of Xaerhud {drain, rF++ rN+
                  | Str+4}
  3484 | D:4      | Noticed Edmund
  3497 | D:4      | Killed Edmund
  3498 | D:4      | Reached skill level 5 in Fighting
  3656 | D:4      | Found an opulent altar of Gozag.
  3674 | D:4      | Found a radiant altar of Vehumet.
  3685 | D:4      | Became a worshipper of Gozag Ym Sagoz the Greedy
  3990 | D:4      | Found a bloodstained altar of Trog.
  4168 | D:5      | Entered Level 5 of the Dungeon
  4275 | D:5      | Reached skill level 5 in Armour
  4275 | D:5      | Reached skill level 5 in Shields
  4275 | D:5      | Reached XP level 9. HP: 16/56 MP: 9/9
  4312 | D:5      | Found Qootuul's Magic Scroll Shoppe.
  4319 | D:5      | Bought a scroll of magic mapping for 42 gold pieces
  4319 | D:5      | Bought a scroll of identify for 24 gold pieces
  4611 | D:5      | Found a glowing drain.
  4615 | Sewer    | Entered a sewer
  4909 | D:5      | Noticed Eustachio
  4924 | D:5      | Killed Eustachio
  5153 | D:5      | Found a basalt altar of Yredelemnul.
  5308 | D:5      | Found an iron altar of Okawaru.
  5851 | D:6      | Found a staircase to the Ecumenical Temple.
  6090 | D:6      | Noticed Grinder
  6091 | D:6      | Paralysed by Grinder for 4 turns
  6103 | D:6      | Killed Grinder
  6124 | D:6      | Found a runed translucent door.
  6125 | D:6      | Noticed Crazy Yiuf
  6156 | D:6      | Reached skill level 10 in Fighting
  6271 | D:6      | Noticed Maggie
  6293 | D:6      | Killed Maggie
  6575 | D:6      | Reached XP level 10. HP: 63/69 MP: 10/10
  6843 | D:6      | Killed Crazy Yiuf
  7275 | D:7      | Found a shimmering blue altar of Sif Muna.
  7276 | D:7      | Found a white marble altar of Elyvilon.
  7287 | D:7      | Found a glowing silver altar of Zin.
  7287 | D:7      | Found a shimmering altar of Xom.
  7287 | D:7      | Noticed an angel
  7799 | D:8      | Found a blossoming altar of Fedhas.
  7805 | D:8      | Noticed Erica
  7841 | D:8      | Killed Erica
  7972 | D:8      | Found a flagged portal.
  7973 | D:8      | Found Fimium's Book Emporium.
  7994 | Bailey   | Entered a bailey
  8688 | Bailey   | Noticed an orc warlord
  8810 | Bailey   | Acquired a +4 great mace of holy wrath
  8822 | Bailey   | Identified the +7 glaive of the Swamp {vorpal, rC+}
  9848 | D:8      | Noticed a two-headed ogre
  9856 | D:8      | Killed a two-headed ogre
  9857 | D:8      | Reached XP level 11. HP: 52/80 MP: 11/11
 10264 | D:9      | Noticed a two-headed ogre
 10278 | D:9      | Reached skill level 15 in Fighting
 10365 | D:8      | Killed a two-headed ogre
 10797 | D:9      | Found a hide-covered altar of Uskayaw.
 11134 | D:9      | Noticed a salamander
 11142 | D:9      | Killed a salamander
 11899 | D:10     | Entered Level 10 of the Dungeon
 11899 | D:10     | Found a snail-covered altar of Cheibriados.
 12224 | D:10     | Found a staircase to the Orcish Mines.
 12631 | D:10     | Reached skill level 9 in Maces & Flails
 12860 | D:10     | Noticed a two-headed ogre
 12860 | D:10     | Noticed Fannar
 12870 | D:10     | Killed Fannar
 12870 | D:10     | Killed a two-headed ogre
 12871 | D:10     | Reached skill level 10 in Maces & Flails
 12871 | D:10     | Reached XP level 12. HP: 28/90 MP: 12/12
 14012 | D:11     | Found a runed translucent door.
 14015 | D:11     | Noticed croobank's ghost (journeyman DrFE)
 14056 | D:11     | Reached skill level 11 in Maces & Flails
 14074 | D:11     | Noticed a two-headed ogre
 14078 | D:11     | Killed a two-headed ogre
 14362 | D:11     | Reached skill level 12 in Maces & Flails
 14630 | D:11     | Found an opulent altar of Gozag.
 14710 | D:11     | Found a staircase to the Lair.
 15245 | D:11     | Killed croobank's ghost
 15252 | D:11     | Got the Papyrus of Flight
 15301 | Lair:1   | Entered Level 1 of the Lair of Beasts
 15454 | Lair:1   | Reached skill level 13 in Maces & Flails
 15733 | Lair:1   | Noticed a five-headed hydra
 15740 | Lair:1   | Killed a five-headed hydra
 16247 | Lair:1   | Reached skill level 14 in Maces & Flails
 16253 | Lair:1   | Reached XP level 13. HP: 87/95 MP: 13/13
 17306 | Lair:1   | Reached skill level 15 in Maces & Flails
 18035 | Lair:2   | You fall into a shaft and drop 2 floors!
 18205 | Lair:4   | Reached skill level 16 in Maces & Flails
 18863 | Lair:3   | Found a hole to the Spider Nest.
 19960 | Lair:3   | Reached skill level 17 in Maces & Flails
 20571 | Lair:2   | Found the +8 orange crystal plate armour {Archmagi, Int+3
                  | Clar}
 21683 | Lair:3   | Identified the +0 ring mail of Beyond {rC+}
 21760 | Lair:4   | Gained mutation: Your large and strong wings let you fly.
                  | [Gargoyle growth]
 21760 | Lair:4   | Reached XP level 14. HP: 71/100 MP: 14/14
 22704 | Lair:4   | Found a staircase to the Shoals.
 23660 | Lair:4   | Reached skill level 18 in Maces & Flails
 24633 | Lair:5   | Found a staircase to the Slime Pits.
 25580 | Lair:6   | Entered Level 6 of the Lair of Beasts
 26256 | Lair:6   | Reached skill level 10 in Armour
 26298 | Lair:6   | Reached XP level 15. HP: 46/105 MP: 15/15
 26839 | Lair:6   | Reached skill level 19 in Maces & Flails
 27969 | D:12     | Found Okhlexair's Antique Armour Boutique.
 28201 | D:12     | Found Wesaes's Distillery.
 28777 | D:13     | Reached skill level 1 in Crossbows
 29589 | D:13     | Found a gate to the Vaults.
 29807 | D:13     | Noticed a tengu reaver
 29814 | D:13     | Noticed a sphinx
 30008 | D:13     | Reached XP level 16. HP: 42/111 MP: 16/16
 30103 | D:13     | Paralysed by a sphinx for 7 turns
 30114 | D:13     | Killed a sphinx
 30174 | D:13     | Killed a tengu reaver
 30175 | D:13     | Reached skill level 20 in Maces & Flails
 30175 | D:13     | Reached skill level 5 in Crossbows
 30512 | D:14     | Found a gate leading to a gauntlet.
 30521 | Gauntlet | Entered a Gauntlet
 30521 | Gauntlet | Found a transporter.
 30521 | Gauntlet | Found a transporter.
 30521 | Gauntlet | Found a runed translucent door.
 30523 | Gauntlet | Found a runed translucent door.
 30534 | Gauntlet | Found a transporter.
 30548 | Gauntlet | Found a large runed translucent door.
 30549 | Gauntlet | Found a large runed translucent door.
 30550 | Gauntlet | Found a large runed translucent door.
 30550 | Gauntlet | Found a large runed translucent door.
 30550 | Gauntlet | Found a large runed translucent door.
 30550 | Gauntlet | Found a large runed translucent door.
 30550 | Gauntlet | Found a large runed translucent door.
 30550 | Gauntlet | Found a large runed translucent door.
 30551 | Gauntlet | Found a runed translucent door.
 30551 | Gauntlet | Found a runed translucent gate.
 30552 | Gauntlet | Found a runed translucent gate.
 30552 | Gauntlet | Found a transporter.
 30552 | Gauntlet | Found a transporter.
 30552 | Gauntlet | Found a transporter.
 30555 | Gauntlet | Found a transporter.
 30555 | Gauntlet | Found a transporter.
 30569 | Gauntlet | Found a transporter.
 30587 | Gauntlet | Found a transporter.
 30597 | Gauntlet | Found a transporter.
 30613 | Gauntlet | Found a transporter.
 30625 | Gauntlet | Found a large runed translucent door.
 30627 | Gauntlet | Found a large runed translucent door.
 30627 | Gauntlet | Found a large runed translucent door.
 30627 | Gauntlet | Found a large runed translucent door.
 30627 | Gauntlet | Found a large runed translucent door.
 30627 | Gauntlet | Found a large runed translucent door.
 30628 | Gauntlet | Found a runed translucent gate.
 30628 | Gauntlet | Found a large runed translucent door.
 30628 | Gauntlet | Found a runed translucent door.
 30628 | Gauntlet | Found a large runed translucent door.
 30633 | Gauntlet | Found a transporter.
 30634 | Gauntlet | Found a runed translucent door.
 30647 | Gauntlet | Found a transporter.
 31164 | D:14     | Noticed Agnes
 31178 | D:14     | Killed Agnes
 31470 | D:14     | Found a shadowy altar of Dithmenos.
 31491 | D:15     | Entered Level 15 of the Dungeon
 31521 | D:15     | Found a staircase to the Depths.
 32609 | D:10     | Bought the +8 whip "Snakebite" {venom, curare, rPois} for
                  | 1138 gold pieces
 32609 | D:10     | Found the +8 whip "Snakebite" {venom, curare, rPois}
 32613 | D:10     | Bought a dazzling tower shield for 285 gold pieces
 32613 | D:10     | Identified the +0 tower shield of Vula {+Blink rElec rC-
                  | Dex+4 Stlth+} (You bought it in a shop on level 10 of the
                  | Dungeon)
 32613 | D:10     | Bought a pair of fine gloves for 285 gold pieces
 32613 | D:10     | Identified the +0 pair of gloves of Foleikk {Str+2 Stlth+}
                  | (You bought it in a shop on level 10 of the Dungeon)
 32635 | D:10     | Fell from the grace of Gozag
 32635 | D:10     | Became a worshipper of Cheibriados the Contemplative
 32653 | Orc:1    | Entered Level 1 of the Orcish Mines
 32653 | Orc:1    | Found Hupetz's Antique Armour Shoppe.
 32656 | Orc:1    | Found Bull's Antique Weapon Shop.
 32749 | Orc:2    | Entered Level 2 of the Orcish Mines
 32812 | Orc:2    | Reached * piety under Cheibriados
 32925 | Orc:2    | Noticed Saint Roka
 32977 | Orc:2    | Killed Saint Roka
 32978 | Orc:2    | Reached skill level 15 in Armour
 33204 | Orc:2    | Reached ** piety under Cheibriados
 33221 | Orc:2    | Found Nanuffi's General Store.
 33243 | Orc:2    | Found Ruis's Magic Scroll Boutique.
 33350 | Orc:2    | Bought a wand of digging (7) for 330 gold pieces
 33384 | Orc:2    | Reached *** piety under Cheibriados
 33391 | Orc:2    | Reached XP level 17. HP: 39/114 MP: 17/17
 33835 | Orc:2    | Reached skill level 10 in Crossbows
 33881 | Orc:2    | Found Paukifat's Book Emporium.
 33881 | Orc:2    | Found a one-way gate leading to the halls of Pandemonium.
 33881 | Orc:2    | Found Ozuyvat's Antique Weapon Shoppe.
 33887 | Orc:2    | Reached **** piety under Cheibriados
 33955 | Orc:2    | Found a staircase to the Elven Halls.
 34335 | Orc:1    | Noticed Urug
 34358 | Orc:1    | Killed Urug
 34954 | Spider:1 | Entered Level 1 of the Spider Nest
 34989 | Spider:1 | Reached skill level 1 in Invocations
 35066 | Spider:1 | Reached ***** piety under Cheibriados
 35322 | Spider:1 | Slain by an emperor scorpion

Illustrated notes

Levels and vault maps discovered:
D:1:      dpeg_arrival_rhombi, layout_rooms
D:2:      minmay_inner_zag, layout_loops_ring,
          hellmonk_ecumenical_altar_lost_god, dk_vineyard_3, corner_web_ring,
          uniq_sigmund
D:3:      layout_basic, uniq_natasha
D:4:      layout_loops_ring, mainiacjoe_overflow_six_doors_small,
          grunt_temple_overflow_open, mainiacjoe_overflow_24_doors,
          serial_bayou_pond_d, minmay_misc_feat_enclosed, uniq_pikel,
          uniq_edmund
D:5:      layout_loops_ring, mainiacjoe_overflow_alcove_4,
          lemuel_zombie_altar_yredelemnul, gup_sewer_entry_spiral,
          minmay_shop_grid_forest, minivault_1, uniq_eustachio
D:6:      minmay_evil_eye, layout_loops_ring, temple_green, uniq_grinder,
          uniq_crazy_yiuf_cottage, uniq_maggie
D:7:      layout_rooms, grunt_temple_overflow_order_and_chaos_1,
          gammafunk_temple_overflow_statue, eino_small_chamber_without_monster
D:8:      layout_basic, fedhas_altar_2, serial_shops, shop, enter_bailey_5,
          uniq_erica
D:9:      wad_cavern_with_rooms, layout_basic, mainiacjoe_overflow_alcove_1,
          special_room [special_room_kobold], serial_bayou_lagoon_a
D:10:     layout_grid_maze, cheibriados_altar_2, minmay_orc_entry_guard_dogs,
          uniq_fannar
D:11:     layout_loops_ring, due_lair_maze_entry_diamond,
          ebering_ghost_reflecting_pool, dk_noncrumbling_3,
          grunt_gozag_breadcrumbs
D:12:     layout_gridville, serial_shops, shop, nicolae_stop_n_shop_1,
          lemuel_flamethrower_3
D:13:     minmay_tile_spiral, layout_basic, david_vaults_5
D:14:     layout_gridville, gauntlet_entry_generic, grunt_dithmenos_shadows,
          uniq_agnes
D:15:     gammafunk_depths_entry_grave, layout_basic,
          hangedman_abyss_or_decor_stagger, minmay_hollow_rounded_squares
Lair:1:   layout_gridlike, st_stairs_5
Lair:2:   layout_cave_pods, minmay_lair_oklob_bushes,
          nicolae_lair_grazing_beasts [nicolae_sub_lair_graze_edge,
          nicolae_sub_lair_graze_edge, nicolae_sub_lair_graze_edge,
          nicolae_sub_lair_graze_edge], serial_bayou_shore_b
Lair:3:   layout_cave_pods, spider_nest_entry_funnel_web, st_stairs_7,
          minmay_lindwurm_lava, serial_bayou_shore_a
Lair:4:   minmay_lair_oklob_tunnel, layout_big_grid, elwin_shoals_entry_rooms,
          grunt_megastairs_3, infiniplex_staircase_pool_2
Lair:5:   layout_gridlike, minmay_slime_entry_oklob_open, st_stairs_9,
          serial_bayou_shore_b
Lair:6:   hangedman_lair_tendril_chambers, layout_layer_cave,
          guppyfry_lair_end_dragon, st_stairs_13, cheibrodos_lair_lostbears
Spider:1: layout_chambers, hangedman_spider_tarantella_strand, uniq_donald,
          uniq_azrael
Orc:1:    layout_diamond_mine, serial_shops, shop, shop, mines1_david, uniq_urug
Orc:2:    pf_orc_diabolical, layout_caves, basic_altar, special_room,
          uniq_saint_roka

Skill      XL: |  1  2  3  4  5  6  7  8  9 10 11 12 13 14 15 16 17 |
---------------+----------------------------------------------------+-----
Stealth        | 1 2 3 |  3.0
Maces & Flails | 5 6 7 8 10 14 17 18 19 20 | 20.0
Throwing       | 1 2 |  2.0
Fighting       | 4 6 11 14 16 | 16.5
Armour         | 5 10 12 15 16 | 16.0
Shields        | 5 |  5.0
Crossbows      | 4 9 10 | 10.4
Invocations    | 1 |  1.6

Action                   |  1- 3 |  4- 6 |  7- 9 | 10-12 | 13-15 | 16-18 || total
-------------------------+-------+-------+-------+-------+-------+-------++-------
Melee: Flail             |   112 |    87 |   297 |   304 |       |       ||   800
       Short sword       |       |       |    31 |    15 |       |       ||    46
       Whip              |       |       |     6 |       |       |    70 ||    76
       Great mace        |       |       |       |   496 |  1034 |   627 ||  2157
       Punch             |       |       |       |       |       |     1 ||     1
 Fire: Hand crossbow     |       |       |       |       |    24 |     8 ||    32
Throw: Javelin           |     4 |    18 |    22 |    14 |     1 |       ||    59
       Boomerang         |       |       |    18 |    13 |   150 |       ||   181
       Throwing net      |       |       |       |     1 |       |     2 ||     3
       Dart              |       |       |       |       |       |     6 ||     6
Invok: Call Merchant     |       |       |       |       |       |     6 ||     6
Evoke: Wand              |       |       |     5 |    14 |     1 |     6 ||    26
       Phantom mirror    |       |       |       |       |       |     1 ||     1
  Use: Potion            |     1 |       |       |     8 |     2 |     4 ||    15
       Scroll            |       |       |    11 |     6 |     3 |    17 ||    37
 Stab: Betrayed ally     |       |       |     1 |       |       |       ||     1
       Distracted        |       |       |       |     2 |     7 |     3 ||    12
       Held in net/web   |       |       |       |     1 |       |       ||     1
       Petrified         |       |       |       |       |     4 |       ||     4
Armor: Scale mail        |    53 |    51 |    48 |       |       |       ||   152
       Skin              |    12 |       |       |       |       |       ||    12
       Chain mail        |       |       |    94 |   252 |       |       ||   346
       Plate armour      |       |       |       |   343 |   135 |       ||   478
       Crystal plate arm |       |       |       |       |   977 |   785 ||  1762
Dodge: Dodged            |    60 |    36 |    90 |   267 |   227 |   248 ||   928
Block: Buckler           |    22 |     9 |   114 |   126 |       |       ||   271
       Reflection        |       |       |     1 |    11 |       |       ||    12
       Other             |       |       |       |   150 |   113 |       ||   263

Table legend: (Time is in decaauts)
 A = Elapsed time spent in this place.
 B = Non-inter-level travel time spent in this place.
 C = Inter-level travel time spent in this place.
 D = Time resting spent in this place.
 E = Time spent auto-exploring this place.
 F = Levels seen in this place.
 G = Mean time per level.
                   A        B        C        D        E       F      G
               +--------+--------+--------+--------+--------+-----+--------+
         Total |  36311 |  33874 |   2437 |   4903 |  21559 |  27 | 1344.9 |
       Dungeon |  18638 |  17340 |   1298 |   2272 |  11275 |  15 | 1242.5 |
          Lair |  12274 |  11383 |    891 |   1728 |   7654 |   6 | 2045.7 |
   Spider Nest |    488 |    488 |      0 |      7 |    382 |   1 |  488.0 |
  Orcish Mines |   2810 |   2564 |    246 |    438 |   1581 |   2 | 1405.0 |
         Sewer |    226 |    226 |      0 |      0 |    140 |   1 |  226.0 |
        Bailey |   1343 |   1343 |      0 |    401 |    333 |   1 | 1343.0 |
      Gauntlet |    528 |    528 |      0 |     56 |    193 |   1 |  528.0 |
               +--------+--------+--------+--------+--------+-----+--------+

Top non-repeatable levels by time:
  Lair:4: 2345 daAuts
  Lair:3: 2340 daAuts
  Lair:1: 2261 daAuts
  Lair:6: 2158 daAuts
    D:10: 1965 daAuts
   Orc:2: 1889 daAuts
     D:9: 1820 daAuts
  Lair:5: 1594 daAuts
  Lair:2: 1574 daAuts
     D:6: 1548 daAuts
    D:11: 1540 daAuts
    D:13: 1444 daAuts
     D:3: 1371 daAuts
     D:8: 1366 daAuts
  Bailey: 1343 daAuts
